 Dungeon Crawl Stone Soup version 0.30-a0-1018-g25214051b3 (webtiles) character file.

Game seed: 10155966047733021149

196 DeathPants the Chopper (level 5, -4/41 HPs)
             Began as a Demonspawn Gladiator on Apr 7, 2023.
             Killed from afar by an orc wizard (7 damage)
             ... with a magic dart
             ... on level 2 of the Dungeon.
             The game lasted 00:04:25 (1483 turns).

DeathPants the Chopper (Demonspawn Gladiator)       Turns: 1483, Time: 00:04:26

Health: -4/41      AC:  9    Str: 16    XL:     5   Next: 45%
Magic:  5/5        EV: 11    Int:  9    God:
Gold:   126        SH:  0    Dex: 15    Spells: 4/4 levels left

rFire   . . .      SeeInvis .    a - +0 war axe
rCold   . . .      Faith    .    (no shield)
rNeg    . . .      Spirit   .    r - +0 ring mail
rPois   .          Reflect  .    c - +1 helmet
rElec   .          Rampage  .    (no cloak)
rCorr   .                        (no gloves)
Will    .....                    (no boots)
Stlth   +                        (no amulet)
HPRegen 0.26/turn                f - ring of flight
MPRegen 0.09/turn                (no ring)

@: flying
A: molten scales 1, foul stench 1, powered by pain 1
a: no special abilities


You were on level 2 of the Dungeon.
You visited 1 branch of the dungeon, and saw 2 of its levels.

You collected 126 gold pieces.

Inventory:

Hand Weapons
 a - a +0 war axe (weapon)
Missiles
 d - 2 throwing nets (quivered)
 e - a javelin
 g - 2 boomerangs
 q - 6 poisoned darts
Armour
 b - a +0 leather armour
 c - a +1 helmet (worn)
 r - a +0 ring mail (worn)
Jewellery
 f - a ring of flight (left hand)
Potions
 j - a potion of heal wounds {unknown}
 m - a potion of curing {unknown}
 p - a potion of berserk rage {unknown}


   Skills:
 + Level 3.6 Fighting
 * Level 4.9 Axes
 - Level 1.7 Throwing
 - Level 2.6 Dodging


You had 4 spell levels left.
You didn't know any spells.
Your spell library was empty.

Dungeon Overview and Level Annotations

Branches:
Dungeon (2/15)

Altars:

Shops:
D:2 [


Innate Abilities, Weirdness & Mutations

You are partially covered in molten scales. (AC +2)
You may rarely emit foul miasma when damaged in melee.
You sometimes gain a little power by taking damage.


Message History

The puff of flame hits you.
You barely miss something. x2; Something hits you.
You hear some strange, mumbled words.
You are more confused.
You bump into the stone wall.
You hear some strange, mumbled words.
A magic dart appears from out of thin air!
The magic dart hits you.
Reactivating autopickup.
You feel a bit more experienced.
Deactivating autopickup; reactivate with Ctrl-A.
You barely miss something. Something hits you but does no damage.
You bump into the rock wall.
You hear some strange, mumbled words.
A magic dart appears from out of thin air!
The magic dart hits you.
* * * LOW HITPOINT WARNING * * *
You bump into the stone wall.
Something barely misses you.
You bump into the stone wall.
Something hits you.
* * * LOW HITPOINT WARNING * * *
You closely miss something. Something hits you but does no damage.
Something hits you.
* * * LOW HITPOINT WARNING * * *
You bump into the rock wall.
You feel less confused. Something hits you but does no damage.
You miss something. Something hits you.
* * * LOW HITPOINT WARNING * * *
Throw: 3 throwing nets
Press: ? - help, Shift-Dir - straight line You throw a throwing net.
Something hits you but does no damage.
You miss something. Something hits you.
* * * LOW HITPOINT WARNING * * *
You miss something. Something hits you but does no damage.
You closely miss something. Something hits you but does no damage.
You hear some strange, mumbled words.
A magic dart appears from out of thin air!
The magic dart hits you!
You die...

#.####..###.#########
#......# #.###### #.#
#.# #.#########
#..(......##
###.##{)....... ...
#@#.......
###.##.#.8...8.
##....#.......
#.....#...o...
##....#....o..
#..#.#.8o..8.
#..#.#....... #
#..#.# #. #....##


There were no monsters in sight!

Vanquished Creatures
  3 orc priests (D:2)
  2 orc wizards (D:2)
  3 adders (D:2)
  5 orcs (D:2)
  5 ball pythons
  5 bats (D:1)
  3 endoplasms
  2 giant cockroaches
  A goblin (D:2)
  A hobgoblin (D:2)
  4 frilled lizards (D:1)
34 creatures vanquished.

Vanquished Creatures (others)
  A plant (D:1)
1 creature vanquished.

Grand Total: 35 creatures vanquished

Notes
Turn   | Place    | Note
-------+----------+-------------------------------------------
     0 | D:1      | DeathPants the Demonspawn Gladiator began the quest for the
                  | Orb.
     0 | D:1      | Reached XP level 1. HP: 16/16 MP: 1/1
   223 | D:1      | Reached skill level 3 in Axes
   274 | D:1      | You are sucked into a shaft and drop 1 floor!
   287 | D:2      | Noticed an orc priest
   287 | D:2      | Noticed an orc wizard
   320 | D:2      | Gained mutation: You are partially covered in molten
                  | scales. (AC +2) [demonic ancestry]
   320 | D:2      | Reached XP level 2. HP: 18/22 MP: 2/2
   324 | D:2      | Reached XP level 3. HP: 11/28 MP: 3/3
   520 | D:2      | Reached skill level 4 in Axes
   520 | D:2      | Gained mutation: You sometimes gain a little power by
                  | taking damage. [demonic ancestry]
   520 | D:2      | Reached XP level 4. HP: 19/35 MP: 4/4
   744 | D:2      | Found Dituly's Armour Shoppe.
  1348 | D:2      | Gained mutation: You may rarely emit foul miasma when
                  | damaged in melee. [demonic ancestry]
  1348 | D:2      | Reached XP level 5. HP: 22/41 MP: 5/5
  1481 | D:2      | HP: 2/41 [something (3)]
  1483 | D:2      | Killed from afar by an orc wizard

Illustrated notes

Levels and vault maps discovered:
D:1:      sevenhm_arrival_forest_fort_small_6, layout_loops_ring,
          shapermc_ecumenical_altar_petra, skrybe_limestone_x
D:2:      cheibrodos_pilgrimage, layout_loops_corners, serial_shops, shop,
          minivault_25, hangedman_abyss_or_decor_stabs, minmay_misc_feat_doors,
          kennysheep_cross_room, minmay_hexomino_r4, uniq_natasha

Skill      XL: |  1  2  3 |
---------------+----------+-----
Axes           | 3 4 |  4.9
Fighting       | 3 |  3.6
Throwing       | |  1.7
Dodging        | |  2.6

Action                     |  1- 3 |  4- 6 || total
---------------------------+-------+-------++-------
  Melee: War axe           |    54 |    88 ||   142
  Throw: Throwing net      |     3 |     1 ||     4
         Javelin           |     1 |       ||     1
    Use: Scroll            |       |     7 ||     7
         Potion            |       |     1 ||     1
   Stab: Sleeping          |     1 |     1 ||     2
         Held in net/web   |     1 |       ||     1
 Armour: Leather armour    |    23 |    21 ||    44
         Ring mail         |       |    43 ||    43
  Dodge: Dodged            |    49 |    57 ||   106

Table legend: (Time is in decaauts)
 A = Elapsed time spent in this place.
 B = Non-inter-level travel time spent in this place.
 C = Inter-level travel time spent in this place.
 D = Time resting spent in this place.
 E = Time spent auto-exploring this place.
 F = Levels seen in this place.
 G = Mean time per level.
                   A        B        C        D        E       F      G
               +--------+--------+--------+--------+--------+-----+--------+
         Total |   1511 |   1498 |     13 |     57 |    978 |   2 |  755.5 |
       Dungeon |   1511 |   1498 |     13 |     57 |    978 |   2 |  755.5 |
               +--------+--------+--------+--------+--------+-----+--------+

Top non-repeatable levels by time:
     D:1: 765 daAuts
     D:2: 745 daAuts
